 Dungeon Crawl Stone Soup version 0.32-a0-747-gc8563f6773 (webtiles) character file.

Game seed: 16596315778644274419

100 Patate the Conjurer (level 4, -7/33 HPs)
             Began as a Draconian Conjurer on Mar 17, 2024.
             Shot with an arrow by a centaur (8 damage)
             ... on level 5 of the Dungeon.
             The game lasted 00:04:19 (2568 turns).

Patate the Conjurer (Draconian Conjurer)            Turns: 2568, Time: 00:04:19

Health: -7/33      AC:  5    Str: 10    XL:     4   Next: 46%
Magic:  8/8        EV: 11    Int: 20    God:
Gold:   57         SH:  0    Dex:  9    Spells: 8/9 levels left

rFire   . . .        c - +1 whip (drain)
rCold   . . .        (no shield)
rNeg    . . .        (body armour unavailable)
rPois   .            (helmet restricted)
rElec   .            (no cloak)
rCorr   .            (no gloves)
SInv    .            (no boots)
Will    .....        (no amulet)
Stlth   ++           (no ring)
HPRegen 0.25/turn    (no ring)
MPRegen 0.11/turn

%: no passive effects
@: no status effects
A: AC +5, unfitting armour, cold-blooded
a: no special abilities


You were on level 5 of the Dungeon.
You visited 1 branch of the dungeon, and saw 4 of its levels.

You collected 57 gold pieces.

Inventory:

Hand Weapons
 c - a +1 whip of draining (weapon)
 g - a +1 whip of electrocution
Missiles
 d - 2 throwing nets
Potions
 a - a potion of magic
 b - 2 potions of ambrosia
 e - a potion of mutation {unknown}
 f - a potion of attraction {unknown}
 i - a potion of enlightenment {unknown}


   Skills:
 + Level 2.4 Dodging
 + Level 2.5 Stealth
 * Level 3.1 Spellcasting
 + Level 4.4 Conjurations


You had 8 spell levels left.
You knew the following spells:

 Your Spells              Type           Power      Damage    Failure   Level
a - Magic Dart            Conj           84%        1d7       2%          1

Your spell library contained the following spells:

 Spells                   Type           Power      Damage    Failure   Level
 Searing Ray              Conj           42%        2d6       3%          2
 Fulminant Prism          Conj/Alch      6%         3d6       50%         4
 Iskenderun's Mystic Bla  Conj/Tloc      12%        2d5       50%         4


Dungeon Overview and Level Annotations

Branches:
Dungeon (5/15)
 Temple: D:4-7

Altars:

Shops:
D:1 (


Innate Abilities, Weirdness & Mutations

Your plain brown scales are hard. (AC +5)
You cannot fit into any form of body armour.
You are cold-blooded and may be slowed by cold attacks.


Message History

The hound stops to sniff the ground.
The hound misses you.
Aiming: Magic Dart (safe; 2% risk of failure)
Press: ? - help, Q - select action, (/) - cycle Shift-Dir - straight line, f/p - hound
Aim: a hound (almost dead, heavily drained, 100% to hit)
The magic dart hits the hound!
You kill the hound!
You now have 46 gold pieces (gained 9).
You start resting.
You hear the slow rusting of a very distant drain.
Found a white potion.
Found 11 gold pieces.
You now have 57 gold pieces (gained 11).
A centaur comes into view.
The centaur wields a +0 shortbow.
The centaur shoots an arrow.
The arrow hits you.
The centaur shoots an arrow.
The arrow hits you!
The centaur shoots an arrow.
The arrow completely misses you.
Aiming: Magic Dart (safe; 2% risk of failure)
Press: ? - help, Q - select action, (/) - cycle Shift-Dir - straight line, f - centaur
Aim: a centaur, wielding a +0 shortbow (100% to hit)
The magic dart hits the centaur.
The centaur is lightly wounded.
You hear the rusting of a drain.
The centaur shoots an arrow.
The arrow hits you.
The centaur shoots an arrow.
The arrow hits you!
The centaur shoots an arrow.
The arrow hits you.
* * * LOW HITPOINT WARNING * * *
Okay, then.
Blink to where?
Press: ? - help, Dir - move target, p - centaur
As you read the scroll labelled JUNATA NOAZOE, it crumbles to dust.
It was a scroll of blinking.
The centaur shouts!
The centaur shoots an arrow.
The arrow hits you.
* * * LOW HITPOINT WARNING * * *
The centaur shoots an arrow.
The arrow hits you!
* * * LOW HITPOINT WARNING * * *
The centaur shoots an arrow.
The arrow hits you!
You die...

.. #.#
## #.#
#.#
###.###
#.....#
##.###.#
#..# #.#
#..###.#
#.@....#
#.######
#.# #.#
#.# #.#
#.# #c#
#.#


You could see a centaur.

Vanquished Creatures
  A hound (D:5)
  3 adders
  4 dart slugs
  A bat (D:2)
  6 endoplasms
  2 giant cockroaches
  6 goblins
  2 hobgoblins
  4 kobolds
  2 quokkas (D:1)
  3 rats (D:1)
34 creatures vanquished.

Notes
Turn   | Place    | Note
-------+----------+-------------------------------------------
     0 | D:1      | Patate the Draconian Conjurer began the quest for the Orb.
     0 | D:1      | Reached XP level 1. HP: 14/14 MP: 3/3
   150 | D:1      | Found Woutos's Weapon Shoppe.
   656 | D:1      | Reached XP level 2. HP: 18/18 MP: 1/5
  1664 | D:2      | Reached XP level 3. HP: 26/26 MP: 0/6
  2292 | D:2      | You fall into a shaft and drop 2 floors!
  2360 | D:4      | Reached XP level 4. HP: 33/33 MP: 4/8
  2403 | D:5      | Entered Level 5 of the Dungeon
  2452 | D:5      | Noticed an ice beast
  2452 | D:5      | Noticed a black bear
  2552 | D:5      | Noticed a centaur
  2567 | D:5      | HP: 1/33 [centaur/arrow (8)]
  2568 | D:5      | Shot with an arrow by a centaur

Illustrated notes

Levels and vault maps discovered:
D:1:      giann_horns, layout_basic, serial_shops, shop
D:2:      layout_loops_ring
D:4:      layout_basic
D:5:      layout_loops_ring, minmay_temple_entry_large_hall,
          mainiacjoe_sewer_entry_somewhere_in_here_2

Skill      XL: |  1  2  3 |
---------------+----------+-----
Stealth        | 2 |  2.5
Dodging        | 2 |  2.4
Spellcasting   | 3 |  3.1
Conjurations   | |  4.4

Action                     |  1- 3 |  4- 6 || total
---------------------------+-------+-------++-------
  Melee: Unarmed           |     5 |       ||     5
         Whip              |     4 |     3 ||     7
   Cast: Magic Dart        |    72 |    12 ||    84
    Use: Scroll            |     3 |     1 ||     4
 Armour: Skin              |    10 |    21 ||    31
  Dodge: Dodged            |    13 |     7 ||    20

Table legend: (Time is in decaauts)
 A = Elapsed time spent in this place.
 B = Non-inter-level travel time spent in this place.
 C = Inter-level travel time spent in this place.
 D = Time resting spent in this place.
 E = Time spent auto-exploring this place.
 F = Levels seen in this place.
 G = Mean time per level.
                   A        B        C        D        E       F      G
               +--------+--------+--------+--------+--------+-----+--------+
         Total |   2567 |   2534 |     33 |    954 |   1167 |   4 |  641.8 |
       Dungeon |   2567 |   2534 |     33 |    954 |   1167 |   4 |  641.8 |
               +--------+--------+--------+--------+--------+-----+--------+

Top non-repeatable levels by time:
     D:1: 1650 daAuts
     D:2: 641 daAuts
     D:5: 165 daAuts
     D:4: 110 daAuts
